 Dungeon Crawl Stone Soup version 0.20.1-1-g8b1a95d (webtiles) character file.

40 Jukra the Magician (level 3, 0/21 HPs)
             Began as an Octopode Wizard on Aug 14, 2017.
             Succumbed to an adder's poison
             ... on level 2 of the Dungeon.
             The game lasted 00:07:59 (1688 turns).

Jukra the Magician (Octopode Wizard)                Turns: 1688, Time: 00:08:00

Health: 0/21       AC:  1    Str:  6    XL:     3   Next: 50%
Magic:  8/8        EV: 13    Int: 21    God:
Gold:   56         SH:  0    Dex: 10    Spells: 3/9 levels left

rFire    . . .     SeeInvis .   (no weapon)
rCold    . . .     Gourm    .   (no shield)
rNeg     . . .     Faith    .   a - +0 hat
rPois    .         Spirit   .   (no amulet)
rElec    .         Reflect  .   h - ring of teleportation (curse)
rCorr    .         Harm     .   (no ring)
MR       .....     Rnd*Tele +   (no ring)
Stlth    +++.......             (no ring)
Regen    0.1/turn               (no ring)
MPRegen  0.2/turn               (no ring)
                                (no ring)
                                (no ring)

@: lethally poisoned (0 -> -10)
A: almost no armour, stealthy swim, amphibious, 8 rings, constrict 8, camouflage
1, gelatinous body 1
a: no special abilities


You were on level 2 of the Dungeon.
You were not hungry.

You visited 1 branch of the dungeon, and saw 2 of its levels.

You collected 56 gold pieces.

Inventory:

Hand Weapons
 e - a +1 short sword of draining
 l - a cursed -2 hand axe
Armour
 a - a +0 hat (worn)
Jewellery
 h - a cursed ring of teleportation (left tentacle)
Wands
 i - a wand of flame (14/48)
Scrolls
 k - a scroll of fear {unknown}
Potions
 f - 2 potions of agility {unknown}
 g - a potion of resistance {unknown}
 j - a potion of curing {unknown}
Books
 b - a book of Minor Magic

   Spells                             Type                      Level
   a - Magic Dart                     Conjuration                  1
   b - Blink                          Translocation                2
   c - Call Imp                       Summoning                    2
   d - Slow                           Hexes                        2
   e - Conjure Flame                  Conjuration/Fire             3
   f - Mephitic Cloud                 Conjuration/Poison/Air       3
Comestibles
 c - 2 bread rations
 d - a meat ration


   Skills:
 + Level 2.1 Dodging
 + Level 3.2 Stealth
 + Level 0.8 Unarmed Combat
 + Level 3.7 Spellcasting
 + Level 1.3 Conjurations
 + Level 1.0 Summonings
   Level 1.0 Translocations


You had 3 spell levels left.
You knew the following spells:

 Your Spells              Type           Power        Failure   Level  Hunger
a - Magic Dart            Conj           #...         8%          1    None
b - Conjure Flame         Conj/Fire      #.......     28%         3    ###....
c - Call Imp              Summ           #.......     12%         2    ##.....


Dungeon Overview and Level Annotations

Branches:
Dungeon (2/15)

Altars:


Innate Abilities, Weirdness & Mutations

You cannot wear most types of armour.
You are very stealthy in the water. (Stealth+)
You are amphibious.
You can wear up to eight rings at the same time.
You can use your tentacles to constrict eight enemies at once.
Your skin changes colour to match your surroundings (Stealth+).
Your rubbery body absorbs attacks. (AC +1, EV +1)


Message History

You tentacle-slap the adder. Your grab misses the adder.
The adder is lightly wounded.
You feel sick. The adder bites you.
You barely miss the adder. Your grab misses the adder.
You feel sick. The adder completely misses you. The adder bites you.
* * * LOW HITPOINT WARNING * * *
You barely miss the adder. Your grab misses the adder.
Your squeeze misses the adder.
* * * LOW HITPOINT WARNING * * *
You feel sick. The adder barely misses you.
You miss the adder. Your grab misses the adder. The adder barely misses you.
You closely miss the adder. Your grab misses the adder.
* * * LOW HITPOINT WARNING * * *
You feel sick. The adder bites you.
* * * LOW HITPOINT WARNING * * *
The adder closely misses you.
You barely miss the adder. You grab the adder.
You squeeze the adder, but do no damage.
You constrict the adder.
You die...

.. ####### #.. .....##
####.##.....##
..#....)....# #.
#.......##
.#####.###....<...#
........S@......#.#
#####.$..........####
#..#.................#
#..###..<...<##### ..#
#(. ##.....## ..# #.#
##....# .r# #.
####.##### #.. #.
#.....# #.# .. #####.#
#.#


You could see an adder.

Vanquished Creatures
  2 dart slugs (D:1)
  2 leopard geckos (D:1)
  A bat (D:1)
  6 goblins
  3 hobgoblins (D:1)
  3 jackals (D:1)
  A quokka (D:2)
  5 frilled lizards
  4 kobolds
  4 rats
31 creatures vanquished.

Notes
Turn   | Place    | Note
-------+----------+-------------------------------------------
     0 | D:1      | Jukra the Octopode Wizard began the quest for the Orb.
     0 | D:1      | Reached XP level 1. HP: 11/11 MP: 4/4
   593 | D:1      | Reached XP level 2. HP: 17/17 MP: 1/6
  1111 | D:1      | Reached XP level 3. HP: 19/21 MP: 6/8
  1431 | D:1      | Learned a level 3 spell: Conjure Flame
  1434 | D:1      | Learned a level 2 spell: Call Imp
  1687 | D:2      | HP: 1/21 [adder (3)]
  1688 | D:2      | Succumbed to an adder's poison

Skill      XL: |  1  2 |
---------------+-------+-----
Stealth        | 3 |  3.2
Dodging        | |  2.1
Unarmed Combat | |  0.8
Spellcasting   | |  3.7
Conjurations   | |  1.3
Summonings     | |  1.0
Translocations | |  1.0

Action                   || total
-------------------------++-------
Melee: Unarmed           ||    83
       Constrict         ||    16
       Tentacles         ||     7
 Cast: Magic Dart        ||    30
       Conjure Flame     ||     1
  Use: Scroll            ||     2
 Stab: Sleeping          ||     5
  Eat: Bread ration      ||     1
Armor: Skin              ||     5
Dodge: Dodged            ||    50
